 Dungeon Crawl Stone Soup version 0.23.2-1-ga50397a (webtiles) character file.

Game seed: 6627426076290197103

112 Fang the Skirmisher (level 4, 0/43 HPs)
             Began as a Gargoyle Berserker on May 31, 2019.
             Was a Believer of Trog.
             Slain by a gnoll
             ... wielding a +0 halberd
              (5 damage)
             ... on level 2 of the Dungeon.
             The game lasted 00:01:25 (1828 turns).

Fang the Skirmisher (Gargoyle Berserker)            Turns: 1828, Time: 00:01:26

Health: 0/43       AC:  6    Str: 27    XL:     4   Next: 93%
Magic:  4/4        EV: 12    Int:  7    God:    Trog [**....]
Gold:   43         SH:  0    Dex:  9    Spells: 3/3 levels left

rFire    . . .     SeeInvis .   a - +0 hand axe
rCold    . . .     Gourm    +   (no shield)
rNeg     + . .     Faith    .   b - +0 animal skin
rPois    ∞         Spirit   .   (no helmet)
rElec    +         Reflect  .   (no cloak)
rCorr    .         Harm     .   (no gloves)
MR       .....                  k - -1 pair of boots (curse)
Stlth    ..........             d - amulet of the gourmand
HPRegen  0.14/turn              (no ring)
MPRegen  0.09/turn              (no ring)

@: berserking, very quick
A: negative energy resistance 1, electricity resistance, unbreathing,
petrification resistance, rot immunity, AC +3
a: Berserk, Trog's Hand, Renounce Religion


You were on level 2 of the Dungeon.
You worshipped Trog.
Trog was pleased with you.
You were not hungry.

You visited 1 branch of the dungeon, and saw 2 of its levels.

You collected 43 gold pieces.

Inventory:

Hand Weapons
 a - a +0 hand axe (weapon)
Armour
 b - a +0 animal skin (worn)
 k - a cursed -1 pair of boots (worn)
Jewellery
 d - an amulet of the gourmand (around neck)
Scrolls
 f - 3 scrolls of immolation {unknown}
 h - a scroll of teleportation {unknown}
 i - 8 scrolls of remove curse {unknown}
 l - a scroll of enchant weapon {unknown}
 m - a scroll of magic mapping {unknown}
Potions
 e - a potion of brilliance {unknown}
 g - a potion of might {unknown}
 j - a potion of invisibility {unknown}
Comestibles
 c - 8 rations


   Skills:
 + Level 4.1 Fighting
 + Level 3.3 Axes
 + Level 3.3 Armour
 + Level 2.4 Dodging


You had 3 spell levels left.
You didn't know any spells.
Your spell library was empty.

Dungeon Overview and Level Annotations

Branches:
Dungeon (2/15)

Altars:
Okawaru
Wu Jian


Innate Abilities, Weirdness & Mutations

You are resistant to torment.
Your stone body is resilient. (AC +3)
You are immune to poison.
You resist negative energy. (rN+)
You are resistant to electric shocks. (rElec)
You can survive without breathing.
You are immune to petrification.
You are immune to rotting.


Message History

You are too injured to fight recklessly!
You are too injured to fight recklessly!
You are too injured to fight recklessly!
You are too injured to fight recklessly!
You are too injured to fight recklessly!
You are too injured to fight recklessly!
You are too injured to fight recklessly!
A red film seems to cover your vision as you go berserk!
You feel yourself moving faster!
You feel mighty!
You feel quite a bit more hungry.
You barely miss the gnoll.
The gnoll is moderately wounded.
The gnoll closely misses you.
You closely miss the gnoll.
The gnoll is moderately wounded.
You hit the gnoll.
The gnoll hits you with a cursed -1 flail!
* * * LOW HITPOINT WARNING * * *
The gnoll hits you with a +0 halberd.
You die...

..# #..........# #.#
##..........#
#.#####.........).# #
#..<#...#.........###########.#
###...######..................
##....#####....####.####...#
...##..#.....#.##.....##.#
.#####...###...#g......#.#
.###.........).#@g.....#)#
.........#.....gg.._.....#
#####^##.....))#)......#.# # #
#..........#.......#.#.#
#####..###...[.##.....##÷..#
.##....# #.....####.####...#
....#..# #............ .......
(..<..##
#.......#####...##..... #.#####
##...>.## #.### .....


You could see 4 gnolls.

Vanquished Creatures
  Robin (D:2)
  2 adders (D:2)
  2 oozes (D:1)
  A worm (D:2)
  3 dart slugs (D:1)
  A leopard gecko (D:1)
  2 giant cockroaches (D:1)
  15 goblins
  10 hobgoblins
  A quokka (D:2)
  6 bats
  3 frilled lizards
  6 kobolds (D:1)
  7 rats
60 creatures vanquished.

Notes
Turn   | Place    | Note
-------+----------+-------------------------------------------
     0 | D:1      | Fang the Gargoyle Berserker began the quest for the Orb.
     0 | D:1      | Reached XP level 1. HP: 14/14 MP: 1/1
    57 | D:1      | Reached XP level 2. HP: 19/19 MP: 2/2
   250 | D:1      | Reached XP level 3. HP: 23/23 MP: 3/3
   460 | D:1      | Reached ** piety under Trog
  1057 | D:2      | Found an iron altar of Okawaru.
  1058 | D:2      | Noticed Robin
  1066 | D:2      | Reached XP level 4. HP: 21/29 MP: 4/4
  1075 | D:2      | Killed Robin
  1075 | D:2      | Reached skill level 4 in Fighting
  1684 | D:2      | Found an ornate altar of the Wu Jian Council.
  1828 | D:2      | Slain by a gnoll

Skill      XL: |  1  2  3  4 |
---------------+-------------+-----
Axes           | 3 |  3.3
Dodging        | 2 |  2.4
Armour         | 3 |  3.3
Fighting       | 4 |  4.1

Action                   |  1- 3 |  4- 6 || total
-------------------------+-------+-------++-------
Melee: Hand axe          |    96 |    52 ||   148
Invok: Berserk           |       |     3 ||     3
  Eat: Chunk             |       |     7 ||     7
Armor: Animal skin       |    36 |    15 ||    51
Dodge: Dodged            |    75 |    46 ||   121
